3A
HIGHWOOD HAWKS @ YORK REVOLUTION
05/11/2032
 
TOP OF THE 1ST
Highwood Hawks batting - Pitching for York Revolution : LHP Tracy Cowdin
Pitching: LHP Tracy Cowdin
Batting: RHB Alejandro Bracamonte 0-0: Called Strike
0-1: Ball
1-1: Called Strike
1-2: Ball
2-2: Foul Ball, location: 2F
2-2: Foul Ball, location: 2F
2-2: Foul Ball, location: 2F
2-2: Strikes out swinging
Batting: RHB Jurg Dansen 0-0: Ball
1-0: Foul Ball, location: 2F
1-1: Ball
2-1: Called Strike
2-2: SINGLE (Line Drive, 34)
Batting: RHB Kameron Guangorena 0-0: Called Strike
0-1: Ball
1-1: Ball
2-1: SINGLE (Flyball, 78S)
Jurg Dansen to second
Batting: RHB Jimmy Scott 0-0: Ball
1-0: Ball
2-0: Called Strike
2-1: Ball
3-1: Base on Balls
Jurg Dansen to third
Kameron Guangorena to second
Batting: LHB Yi-da Yee 0-0: Ball
1-0: Grounds into double play, 4-6-3 (Groundball, 4)
Top of the 1st over - 0 runs, 2 hits, 0 errors, 2 left on base; Highwood 0 - York 0
BOTTOM OF THE 1ST
York Revolution batting - Pitching for Highwood Hawks : RHP Pedro López
Pitching: RHP Pedro López
Batting: RHB Andy Alderliesten 0-0: Called Strike
0-1: Ball
1-1: Fly out, F8 (Flyball, 8LM)
Batting: LHB Jack MacOmish 0-0: Fly out, F7 (Flyball, 78M)
Batting: LHB Jesús Hernández 0-0: Fly out, F9 (Line Drive, 9)
Bottom of the 1st over - 0 runs, 0 hits, 0 errors, 0 left on base; Highwood 0 - York 0
TOP OF THE 2ND
Highwood Hawks batting - Pitching for York Revolution : LHP Tracy Cowdin
Batting: RHB Jorge Valenzuela 0-0: Ball
1-0: Bunted foul
1-1: Ball
2-1: Ground out 6-3 (Groundball, 6)
Batting: LHB Palaie Gaoteote 0-0: Called Strike
0-1: Foul Ball, location: 2F
0-2: Ball
1-2: Ball
2-2: Strikes out swinging
Batting: RHB Jamal Grant 0-0: Foul Ball, location: 2F
0-1: Foul Ball, location: 2F
0-2: Ball
1-2: Ball
2-2: Ball
3-2: Foul Ball, location: 2F
3-2: Foul Ball, location: 2F
3-2: Base on Balls
Batting: RHB Paco Ibarra 0-0: Ball
1-0: SINGLE (Groundball, 56D)
Jamal Grant to second
Batting: RHB Alejandro Bracamonte 0-0: Fly out, F3 (Popup, 3SF)
Top of the 2nd over - 0 runs, 1 hit, 0 errors, 2 left on base; Highwood 0 - York 0
BOTTOM OF THE 2ND
York Revolution batting - Pitching for Highwood Hawks : RHP Pedro López
Batting: LHB Travis Towns 0-0: Called Strike
0-1: Ball
1-1: Swinging Strike
1-2: Strikes out swinging, 2-3 out at first.
Batting: RHB John Clark 0-0: Called Strike
0-1: Ball
1-1: Ball
2-1: Swinging Strike
2-2: Foul Ball, location: 2F
2-2: Ground out 4-3 (Groundball, 4)
Batting: RHB Lawrence Stokes 0-0: Ball
1-0: Foul Ball, location: 2F
1-1: Swinging Strike
1-2: SINGLE (Line Drive, 9S)
Batting: RHB Mike Fernández 0-0: Ball
1-0: Ball
2-0: Called Strike
2-1: Foul Ball, location: 2F
2-2: Foul Ball, location: 2F
2-2: Fly out, F9 (Flyball, 9LS)
Bottom of the 2nd over - 0 runs, 1 hit, 0 errors, 1 left on base; Highwood 0 - York 0
TOP OF THE 3RD
Highwood Hawks batting - Pitching for York Revolution : LHP Tracy Cowdin
Batting: RHB Jurg Dansen 0-0: Called Strike
0-1: Called Strike
0-2: Ball
1-2: Strikes out looking
Batting: RHB Kameron Guangorena 0-0: Ball
1-0: Ball
2-0: Called Strike
2-1: Ball
3-1: Foul Ball, location: 2F
3-2: Strikes out swinging
Batting: RHB Jimmy Scott 0-0: Ball
1-0: Ball
2-0: Foul Ball, location: 2F
2-1: Called Strike
2-2: Foul Ball, location: 2F
2-2: Ball
3-2: Ground out 6-3 (Groundball, 6)
Top of the 3rd over - 0 runs, 0 hits, 0 errors, 0 left on base; Highwood 0 - York 0
BOTTOM OF THE 3RD
York Revolution batting - Pitching for Highwood Hawks : RHP Pedro López
Batting: RHB Tome Uso 0-0: Called Strike
0-1: Ball
1-1: Called Strike
1-2: Ball
2-2: Foul Ball, location: 2F
2-2: Ball
3-2: Base on Balls
Batting: RHB Dane Bernstine 0-0: Called Strike
0-1: Ball
1-1: Ball
2-1: Called Strike
2-2: Ball
3-2: Grounds into double play, 5-4-3 (Groundball, 56)
Batting: RHB Andy Alderliesten 0-0: Fly out, F8 (Flyball, 8RM)
Bottom of the 3rd over - 0 runs, 0 hits, 0 errors, 0 left on base; Highwood 0 - York 0
TOP OF THE 4TH
Highwood Hawks batting - Pitching for York Revolution : LHP Tracy Cowdin
Batting: LHB Yi-da Yee 0-0: Ball
1-0: Ground out 6-3 (Groundball, 6S)
Batting: RHB Jorge Valenzuela 0-0: Ball
1-0: Called Strike
1-1: Ball
2-1: Ball
3-1: Base on Balls
Batting: LHB Palaie Gaoteote 0-0: SINGLE (Groundball, 3D)
Jorge Valenzuela to second
Runner from 2nd tries for 3rd, SAFE, no throw
Batting: RHB Jamal Grant 0-0: Swinging Strike
0-1: Foul Ball, location: 2F
0-2: Strikes out looking
Batting: RHB Paco Ibarra 0-0: Ball
1-0: Ball
2-0: Ball
3-0: Called Strike
3-1: Base on Balls
Palaie Gaoteote to second
Batting: RHB Alejandro Bracamonte 0-0: Ball
1-0: Called Strike
1-1: Ball
2-1: Fly out, F9 (Line Drive, 89M)
Top of the 4th over - 0 runs, 1 hit, 0 errors, 3 left on base; Highwood 0 - York 0
BOTTOM OF THE 4TH
York Revolution batting - Pitching for Highwood Hawks : RHP Pedro López
Batting: LHB Jack MacOmish 0-0: Ball
1-0: Foul Ball, location: 2F
1-1: Called Strike
1-2: SINGLE (Flyball, 8RS)
Batting: LHB Jesús Hernández 0-0: Fielders Choice at 2nd, 6-4 (Groundball, 56)
Batting: LHB Travis Towns 0-0: Ball
1-0: Called Strike
1-1: Ball
2-1: Ball
3-1: Foul Ball, location: 2F
3-2: Strikes out swinging
Batting: RHB John Clark 0-0: Reached on error, E9 (Flyball, 9S)
Jesús Hernández to third
Batting: RHB Lawrence Stokes 0-0: Called Strike
0-1: Foul Ball, location: 2F
0-2: Foul Ball, location: 2F
0-2: Ball
1-2: Strikes out swinging
Bottom of the 4th over - 0 runs, 1 hit, 1 error, 2 left on base; Highwood 0 - York 0
TOP OF THE 5TH
Highwood Hawks batting - Pitching for York Revolution : LHP Tracy Cowdin
Batting: RHB Jurg Dansen 0-0: Ball
1-0: Foul Ball, location: 2F
1-1: SINGLE (Line Drive, 8LS)
Batting: RHB Kameron Guangorena 0-0: Called Strike
0-1: Foul Ball, location: 2F
0-2: Ball
1-2: Ball
2-2: Foul Ball, location: 2F
2-2: Foul Ball, location: 2F
2-2: Foul Ball, location: 2F
2-2: Fly out, F9 (Flyball, 9)
Batting: RHB Jimmy Scott 0-0: Swinging Strike
0-1: Swinging Strike
0-2: Ball
1-2: Ball
2-2: Foul Ball, location: 2F
2-2: Fly out, F9 (Flyball, 9LMF)
Pitching: LHP Tony Zavala
Batting: LHB Yi-da Yee 0-0: Ball
1-0: Called Strike
1-1: Swinging Strike
1-2: Strikes out swinging
Top of the 5th over - 0 runs, 1 hit, 0 errors, 1 left on base; Highwood 0 - York 0
BOTTOM OF THE 5TH
York Revolution batting - Pitching for Highwood Hawks : RHP Pedro López
Batting: RHB Mike Fernández 0-0: Ball
1-0: Ball
2-0: Foul Ball, location: 2F
2-1: Ball
3-1: Swinging Strike
3-2: Strikes out swinging
Batting: RHB Tome Uso 0-0: Foul Ball, location: 2F
0-1: Called Strike
0-2: Ball
1-2: Strikes out swinging
Batting: RHB Dane Bernstine 0-0: Ball
1-0: Ground out 4-3 (Groundball, 4)
Bottom of the 5th over - 0 runs, 0 hits, 0 errors, 0 left on base; Highwood 0 - York 0
TOP OF THE 6TH
Highwood Hawks batting - Pitching for York Revolution : LHP Tony Zavala
Batting: RHB Jorge Valenzuela 0-0: Ball
1-0: Foul Ball, location: 2F
1-1: Called Strike
1-2: DOUBLE (Flyball, 78XD)
Batting: LHB Palaie Gaoteote 0-0: Ball
1-0: SINGLE (Groundball, 34D)
Jorge Valenzuela to third
Runner from 3rd tries for Home, SAFE, no throw
Batting: RHB Jamal Grant 0-0: Bunted foul
0-1: Sac Bunt - play at first, batter OUT! 5-4
Palaie Gaoteote to second
Batting: RHB Paco Ibarra 0-0: SINGLE (Groundball, 6MD)
Palaie Gaoteote to third
Runner from 3rd tries for Home, throw and OUT!
Batting: RHB Alejandro Bracamonte 0-0: Ball
1-0: Fielders Choice at 2nd, 6-4 (Groundball, 6)
Top of the 6th over - 1 run, 3 hits, 0 errors, 1 left on base; Highwood 1 - York 0
BOTTOM OF THE 6TH
York Revolution batting - Pitching for Highwood Hawks : RHP Pedro López
Batting: RHB Andy Alderliesten 0-0: Called Strike
0-1: Fly out, F9 (Flyball, 9D)
Batting: LHB Jack MacOmish 0-0: Ball
1-0: Ball
2-0: Called Strike
2-1: Swinging Strike
2-2: Ball
3-2: SINGLE (Line Drive, 34D)
Batting: LHB Jesús Hernández 0-0: Fly out, F4 (Popup, 34)
Batting: LHB Travis Towns 0-0: Ball
1-0: Ball
2-0: Called Strike
2-1: Fly out, F6 (Popup, 6)
Bottom of the 6th over - 0 runs, 1 hit, 0 errors, 1 left on base; Highwood 1 - York 0
TOP OF THE 7TH
Highwood Hawks batting - Pitching for York Revolution : LHP Tony Zavala
Batting: RHB Jurg Dansen 0-0: Foul Ball, location: 2F
0-1: SINGLE (Groundball, 6MD)
Batting: RHB Kameron Guangorena 0-0: Called Strike
0-1: Ball
1-1: Reached on error, E8 (Flyball, 8LD)
Jurg Dansen to third
Batting: RHB Jimmy Scott 0-0: Intentional Walk
Pinch Hitting: RHB Paul Byrd 0-0: Ball
1-0: Ball
2-0: Foul Ball, location: 2F
2-1: Called Strike
2-2: Ball
3-2: Foul Ball, location: 2F
3-2: Base on Balls
Jurg Dansen scores
Kameron Guangorena to third
Jimmy Scott to second
Pitching: RHP Miika Jarvi
Pinch Hitting: LHB Abel Apolinrio 0-0: DOUBLE (Line Drive, 89D)
Kameron Guangorena scores
Jimmy Scott scores
Paul Byrd to third
Runner from 3rd tries for Home, SAFE, no throw
Batting: LHB Palaie Gaoteote 0-0: Called Strike
0-1: Ball
1-1: SINGLE (Groundball, 4MD)
Abel Apolinrio to third
Runner from 3rd tries for Home, SAFE, no throw
Batting: RHB Jamal Grant 0-0: Ball
1-0: Ball
2-0: Ball
3-0: Base on Balls
Palaie Gaoteote to second
Batting: RHB Paco Ibarra 0-0: Called Strike
0-1: Fly out, F9 (Flyball, 9S)
Batting: RHB Alejandro Bracamonte 0-0: Called Strike
0-1: Ball
1-1: Ball
2-1: Called Strike
2-2: Strikes out looking
Batting: RHB Jurg Dansen 0-0: Called Strike
0-1: Fly out, F7 (Flyball, 7)
Top of the 7th over - 5 runs, 3 hits, 1 error, 2 left on base; Highwood 6 - York 0
BOTTOM OF THE 7TH
York Revolution batting - Pitching for Highwood Hawks : RHP Pedro López
Now at 3B: Paul Byrd
Now at SS: Greg Buckner
Batting: RHB John Clark 0-0: Ground out 4-3 (Groundball, 34D)
Batting: RHB Lawrence Stokes 0-0: Ball
1-0: Ground out 6-3 (Groundball, 6)
Batting: RHB Mike Fernández 0-0: Foul Ball, location: 2F
0-1: Ball
1-1: Ball
2-1: Fly out, F8 (Flyball, 89D)
Bottom of the 7th over - 0 runs, 0 hits, 0 errors, 0 left on base; Highwood 6 - York 0
TOP OF THE 8TH
Highwood Hawks batting - Pitching for York Revolution : RHP Miika Jarvi
Batting: RHB Kameron Guangorena 0-0: Called Strike
0-1: Ball
1-1: Ball
2-1: Ball
3-1: Base on Balls
Batting: RHB Jimmy Scott 0-0: Ball
1-0: Swinging Strike
1-1: Foul Ball, location: 2F
1-2: Strikes out looking
Batting: RHB Paul Byrd 0-0: Ball
1-0: SINGLE (Line Drive, 7LM)
Kameron Guangorena to second
Batting: SHB Greg Buckner 0-0: Ball
1-0: Called Strike
1-1: Ball
2-1: Swinging Strike
2-2: Strikes out swinging
Batting: LHB Palaie Gaoteote 0-0: Ball
1-0: Swinging Strike
1-1: Ball
2-1: Swinging Strike
2-2: Ground out 1-3 (Groundball, 13S)
Top of the 8th over - 0 runs, 1 hit, 0 errors, 2 left on base; Highwood 6 - York 0
BOTTOM OF THE 8TH
York Revolution batting - Pitching for Highwood Hawks : RHP Pedro López
Now at 1B: Roy Clark
Batting: RHB Tome Uso 0-0: Ball
1-0: Foul Ball, location: 2F
1-1: Foul Ball, location: 2F
1-2: Strikes out swinging
Batting: RHB Dane Bernstine 0-0: Ground out 6-3 (Groundball, 6)
Batting: RHB Andy Alderliesten 0-0: Ball
1-0: Ball
2-0: Ball
3-0: Base on Balls
Batting: LHB Jack MacOmish Pickoff Throw to First - Out!
Bottom of the 8th over - 0 runs, 0 hits, 0 errors, 0 left on base; Highwood 6 - York 0
TOP OF THE 9TH
Highwood Hawks batting - Pitching for York Revolution : RHP Miika Jarvi
Batting: RHB Jamal Grant 0-0: Called Strike
0-1: Ball
1-1: Ball
2-1: Swinging Strike
2-2: Foul Ball, location: 2F
2-2: Strikes out swinging
Batting: RHB Paco Ibarra 0-0: Called Strike
0-1: Foul Ball, location: 2F
0-2: Ball
1-2: Foul Ball, location: 2F
1-2: Ball
2-2: SINGLE (Groundball, 6MD)
Batting: RHB Alejandro Bracamonte 0-0: Ball
Paco Ibarra steals 2nd base
1-0: Swinging Strike
1-1: Ball
2-1: Swinging Strike
2-2: Strikes out swinging
Batting: RHB Jurg Dansen 0-0: Ball
1-0: Foul Ball, location: 2F
1-1: Fly out, F7 (Flyball, 7S)
Top of the 9th over - 0 runs, 1 hit, 0 errors, 1 left on base; Highwood 6 - York 0
BOTTOM OF THE 9TH
York Revolution batting - Pitching for Highwood Hawks : RHP Pedro López
Now at C: Xiao-gang Xú
Batting: LHB Jack MacOmish 0-0: Ball
1-0: Ball
2-0: Called Strike
2-1: Called Strike
2-2: Strikes out looking
Batting: LHB Jesús Hernández 0-0: Ball
1-0: Foul Ball, location: 2F
1-1: Swinging Strike
1-2: Strikes out swinging
Batting: LHB Travis Towns 0-0: Ball
1-0: Foul Ball, location: 2F
1-1: Ground out 4-3 (Groundball, 4)
Bottom of the 9th over - 0 runs, 0 hits, 0 errors, 0 left on base; Highwood 6 - York 0
Wednesday, September 19th, 2018 - OOTP Baseball 18.8 Build 76